 Dungeon Sprint DCSS version 0.27-b1-42-g19c61b19a5 (webtiles) character file.

Game seed: 12862013714886801538

24 night the Stinger (level 2, 0/20 HPs)
             Began as a Draconian Venom Mage on July 29, 2021.
             Incinerated by a deep elf pyromancer (8 damage)
             ... with a sticky flame
             ... in the Dungeon (Sprint III: "The Ten Rune Challenge").
             The game lasted 00:02:18 (846 turns).

night the Stinger (Draconian Venom Mage)             Turns: 846, Time: 00:02:18

Health: 0/20       AC:  4    Str: 10    XL:     2   Next: 79%
Magic:  4/7        EV: 12    Int: 15    God:
Gold:   23         SH:  0    Dex: 11    Spells: 6/9 levels left

rFire    . . .     SeeInvis .   (no weapon)
rCold    . . .     Faith    .   (no shield)
rNeg     . . .     Spirit   .   (armour unavailable)
rPois    .         Reflect  .   (helmet restricted)
rElec    .         Harm     .   (no cloak)
rCorr    .         Rampage  .   (no gloves)
Will     .....     NoTele   +   (no boots)
Stlth    +.........             (no amulet)
HPRegen  0.06/turn              (no ring)
MPRegen  0.10/turn              (no ring)

@: on fire, glowing
A: AC +4, unfitting armour, cold-blooded
a: no special abilities


You were in the Dungeon.
You visited 1 branch You collected 23 gold pieces.

Inventory:

Scrolls
 e - a scroll of torment {unknown}
 g - 5 scrolls of identify
 i - a scroll of immolation {unknown}
Potions
 a - 2 potions of curing
 b - 2 potions of mutation {unknown}
 c - a potion of haste
 d - 2 potions of magic
 f - a potion of degeneration {unknown}
 h - 2 potions of flight {unknown}


   Skills:
 - Level 1.7 Dodging
 - Level 1.7 Stealth
 + Level 4.1 Spellcasting
 - Level 1.0 Transmutations
 + Level 5.0 Poison Magic


You had 6 spell levels left.
You knew the following spells:

 Your Spells              Type           Power      Damage    Failure   Level
a - Sting                 Tmut/Pois      48%        1d5       5%          1
b - Poisonous Vapours     Pois/Air       20%        N/A       10%         2

Your spell library contained the following spells:

 Spells                   Type           Power      Damage    Failure   Level
 Olgreb's Toxic Radiance  Pois           18%        N/A       22%         4
 Mephitic Cloud           Conj/Pois/Air  8%         N/A       26%         3


Dungeon Overview and Level Annotations

Branches:
Dungeon (1/1)

Altars:
Elyvilon
Zin
The Shining One


Innate Abilities, Weirdness & Mutations

Your plain brown scales are hard. (AC +4)
You cannot fit into any form of body armour.
You are cold-blooded and may be slowed by cold attacks.


Message History

Moving in this stuff is going to be slow.
You enter the shallow water.
Moving in this stuff is going to be slow.
There is an open door to the Ecumenical Temple here.
You open the door.
Found three altars.
A deep elf pyromancer comes into view.
It is wielding a +1 long sword of holy wrath.
Found a potion of heal wounds.
There is an open door here.
Casting: Sting (safe; 5% risk of failure)
Confirm with . or Enter, or press ? or * to list all spells.
Aiming: Sting (safe; 5% risk of failure)
Press: ? - help, Shift-Dir - straight line, f - deep elf pyromancer
Aim: a deep elf pyromancer, wielding a +1 long sword of holy wrath (asleep, 100% to hit)
The sting hits the deep elf pyromancer.
The deep elf pyromancer is poisoned.
The deep elf pyromancer is lightly wounded.
The deep elf pyromancer shouts!
Casting: Sting (safe; 5% risk of failure)
Confirm with . or Enter, or press ? or * to list all spells.
Aiming: Sting (safe; 5% risk of failure)
Press: ? - help, Shift-Dir - straight line, f/p - deep elf pyromancer
Aim: a deep elf pyromancer, wielding a +1 long sword of holy wrath (lightly wounded, poisoned, 60% to hit)
The sting hits the deep elf pyromancer.
The deep elf pyromancer looks even sicker.
The deep elf pyromancer is lightly wounded.
The deep elf pyromancer gestures at you while chanting.
The sticky flame hits you!
You are covered in liquid flames!
Casting: Sting (safe; 5% risk of failure)
Confirm with . or Enter, or press ? or * to list all spells.
Aiming: Sting (safe; 5% risk of failure)
Press: ? - help, Shift-Dir - straight line, f/p - deep elf pyromancer
Aim: a deep elf pyromancer, wielding a +1 long sword of holy wrath (lightly wounded, very poisoned, 60% to hit)
The sting hits the deep elf pyromancer.
The deep elf pyromancer looks even sicker.
The deep elf pyromancer is moderately wounded.
You are covered in liquid flames!
The deep elf pyromancer closely misses you.
You are covered in liquid flames!
You die...

▓▓▓▓▓▓▓▓▓ ▓▓▓ ..'.....♣
♣.##### ..#....♣♣♣
♣♣.#___# ###....♣.♣
♣..#!e.# ..#....≈.♣
♣..###'#+###+#
..#...≈≈♣♣♣♣..#.@........
..#..≈≈≈≈.♣...'.⌠........
#+#..≈≈≈≈≈≈...#...######+
..#.≈≈≈≈≈≈....#.⌠.#
..#.≈≈≈≈≈.....#...#
..#.≈≈≈.......#+###
###...........#
..............#
▓▓▓▓▓▓▓▓▓▓▓▓▓▓▓


There were no monsters in sight!

Vanquished Creatures
  A human (D)
  A phantom (D)
  An endoplasm (D)
  3 rats (D)
6 creatures vanquished.

Vanquished Creatures (others)
  A plant (D)
1 creature vanquished.

Grand Total: 7 creatures vanquished

Notes
Turn   | Place    | Note
-------+----------+-------------------------------------------
     0 | D        | night the Draconian Venom Mage began the quest for the Orb.
     0 | D        | Reached XP level 1. HP: 14/14 MP: 3/3
   176 | D        | HP: 2/14 [phantom (6)]
   369 | D        | Reached skill level 5 in Poison Magic
   369 | D        | Reached XP level 2. HP: 6/20 MP: 1/7
   372 | D        | Learned a level 2 spell: Poisonous Vapours
   609 | D        | Noticed a water elemental
   841 | D        | Found a glowing silver altar of Zin.
   841 | D        | Found a glowing golden altar of the Shining One.
   841 | D        | Found a white marble altar of Elyvilon.
   842 | D        | Noticed a deep elf pyromancer
   846 | D        | Incinerated by a deep elf pyromancer

Illustrated notes

Levels and vault maps discovered:
D:        dungeon_sprint_mu [sprint_mu_entry_forest, sprint_mu_temple_rooms,
          sprint_mu_d1_spiders, sprint_mu_d2_genie, sprint_mu_d3_branching,
          sprint_mu_orc_legion, sprint_mu_elf_gauntlet, sprint_mu_hive_nellie,
          sprint_mu_lair_fedhas, sprint_mu_vaults_butterflies,
          sprint_mu_slime_circle, sprint_mu_swamp_cave, sprint_mu_snake_twists,
          sprint_mu_blade_basic, sprint_mu_crypt_chambers,
          sprint_mu_tomb_spiral, sprint_mu_vestibule_basic,
          sprint_mu_gehenna_hellfire, sprint_mu_dis_giant,
          sprint_mu_tartarus_statrot, sprint_mu_cocytus_islands, sprint_mu_zot1]

Skill      XL: |  1 |
---------------+----+-----
Spellcasting   | 4 |  4.1
Poison Magic   | 5 |  5.0
Dodging        | |  1.7
Stealth        | |  1.7
Transmutations | |  1.0

Action                   || total
-------------------------++-------
Melee: Unarmed           ||    14
       Tailslap          ||     1
 Cast: Sting             ||    23
  Use: Potion            ||     2
       Scroll            ||     1
Armor: Skin              ||     1
Dodge: Dodged            ||    19
